 Dungeon Crawl Stone Soup version 0.29.1-13-g9f3cf754e1 (webtiles) character file.

Game seed: 6242060293157146661

251 javelincjr the Magician (level 6, 0/40 HPs)
             Began as a Djinni Conjurer on Feb 9, 2023.
             Slain by Eustachio
             ... wielding a +0 rapier
              (3 damage)
             ... on level 4 of the Dungeon.
             The game lasted 00:11:14 (4146 turns).

javelincjr the Magician (Djinni Conjurer)           Turns: 4146, Time: 00:11:15

Health: 0/40       AC:  4    Str:  8    XL:     6   Next: 36%
Gold:   199        EV: 12    Int: 19    God:
                   SH:  3    Dex: 12

rFire   + + .      SeeInvis .   f - +0 dagger (drain)
rCold   x . .      Faith    .   i - +0 buckler
rNeg    . . .      Spirit   .   a - +0 robe
rPois   ∞          Reflect  .   (no helmet)
rElec   .          Harm     .   h - +1 cloak
rCorr   .          Rampage  .   (no gloves)
Will    .....                   (boots unavailable)
Stlth   ++........              (no amulet)
HPRegen 0.13/turn               (no ring)
MPRegen 0.00/turn               (no ring)

@: flying, very slightly contaminated
A: sickness immunity, fire resistance 2, cold vulnerability 1, float, innate
caster, HP casting, extra vitality 1
a: no special abilities


You were on level 4 of the Dungeon.
You visited 1 branch of the dungeon, and saw 4 of its levels.

You collected 199 gold pieces.

Inventory:

Hand Weapons
 f - a +0 dagger of draining (weapon)
 m - a +1 dagger of holy wrath
 n - a +3 spear
Missiles
 r - 6 curare-tipped darts
Armour
 a - a +0 robe (worn)
 h - a +1 cloak (worn)
 i - a +0 buckler (worn)
 l - a +0 pair of gloves
Scrolls
 c - a scroll of enchant armour
 o - a scroll of teleportation
Potions
 b - a potion of might
 d - a potion of cancellation {unknown}
 e - 2 potions of berserk rage {unknown}
 g - 2 potions of curing {unknown}
 j - a potion of invisibility {unknown}
 k - a potion of flight {unknown}


   Skills:
 + Level 0.2 Fighting
 + Level 0.7 Short Blades
 + Level 2.5 Dodging
 + Level 2.8 Stealth
 + Level 5.0 Spellcasting


You couldn't memorise any spells.
You knew the following spells:

 Your Spells              Type           Power      Damage    Failure   Level
a - Magic Dart            Conj           92%        1d7       2%          1
b - Searing Ray           Conj           46%        2d6       3%          2
c - Dazzling Flash        Conj/Hex       46%        N/A       6%          3
d - Fulminant Prism       Conj/Hex       11%        3d9       22%         4
e - Iskenderun's Mystic   Conj/Tloc      23%        2d6       22%         4
f - Apportation           Tloc           46%        N/A       2%          1
g - Static Discharge      Conj/Air       23%        3-6/arc   3%          2
Your spell library was empty.

Dungeon Overview and Level Annotations

Branches:
Dungeon (4/15)
 Temple: D:4-7

Altars:
Xom

Annotations:
D:4 Eustachio


Innate Abilities, Weirdness & Mutations

You are immune to sickness and miasma.
You are immune to poison.
Your flesh is very heat resistant. (rF++)
You are vulnerable to cold. (rC-)
You float through the air rather than walking.
You learn spells naturally, not from books.
Your magical power is your life essence.
You have superior vitality. (+4 MHP)


Message History

The spell is quite dangerous to miscast (22% risk of failure)!
Continue anyway?
You erupt in a blast of force!
The mystic blast hits Eustachio!
Eustachio is heavily wounded.
Eustachio is knocked back by the mystic blast.
Eustachio slams into the rock wall!
Eustachio is heavily wounded.
Casting: Iskenderun's Mystic Blast (quite dangerous; 22% risk of failure)
Confirm with . or Enter, or press ? or * to list all spells.
The spell is quite dangerous to miscast (22% risk of failure)!
Continue anyway?
You miscast Iskenderun's Mystic Blast.
You are very lightly contaminated with residual magic.
The floor and the ceiling briefly switch places.
You are magically locked in place.
Casting: Iskenderun's Mystic Blast (quite dangerous; 22% risk of failure)
Confirm with . or Enter, or press ? or * to list all spells.
The spell is quite dangerous to miscast (22% risk of failure)!
Continue anyway?
You erupt in a blast of force!
The mystic blast hits Eustachio!
Eustachio is severely wounded.
Eustachio hits you with a +0 rapier.
Casting: Iskenderun's Mystic Blast (quite dangerous; 22% risk of failure)
Confirm with . or Enter, or press ? or * to list all spells.
The spell is quite dangerous to miscast (22% risk of failure)!
Continue anyway?
You erupt in a blast of force!
The mystic blast hits Eustachio!
Eustachio is almost dead.
Eustachio is knocked back by the mystic blast.
Casting: Iskenderun's Mystic Blast (quite dangerous; 22% risk of failure)
Confirm with . or Enter, or press ? or * to list all spells.
The spell is quite dangerous to miscast (22% risk of failure)!
Continue anyway?
You miscast Iskenderun's Mystic Blast.
Sparks fly from your hands!
* * * LOW HITPOINT WARNING * * *
x2 You hit Eustachio.
Eustachio is almost dead.
You are no longer locked in place.
Eustachio hits you with a +0 rapier.
* * * LOW HITPOINT WARNING * * *
You hit Eustachio but do no damage.
Eustachio is almost dead.
Eustachio twirls his moustache.
Eustachio hits you with a +0 rapier.
You die...

###.### ### #.....# #.## ####...#
##..# ##### #.#..... #...# ####
#...###.#...#. ##..## ##..##
#...#.....#### ### #...#
#....###..#...#..#..# ##.####..#
#......#.....#....... ......#.##
##...@.......#..##.#..
.........###....#@....#....###...
#.........#...........#....##....
##...##.....#.....##.......@.....
.#..........#.....##..#.##.#.##..
.............##....##.#.####..#..
...........###.....##...##....#.#
##..........###.........##.*.####
....#.....### #.........##.###


You could see Eustachio.

Vanquished Creatures
  A scorpion (D:4)
  An orc priest (D:3)
  Jessica (D:3)
  3 adders
  3 gnolls (D:3)
  A worm (D:2)
  2 orcs (D:3)
  5 bats
  9 endoplasms
  4 giant cockroaches
  2 goblins (D:1)
  10 hobgoblins
  5 jackals (D:1)
  3 quokkas
  7 ball pythons
  5 frilled lizards
  11 kobolds
  5 rats
78 creatures vanquished.

Vanquished Creatures (others)
  6 fulminant prisms
6 creatures vanquished.

Grand Total: 84 creatures vanquished

Notes
Turn   | Place    | Note
-------+----------+-------------------------------------------
     0 | D:1      | javelincjr the Djinni Conjurer began the quest for the Orb.
     0 | D:1      | javelincjr set off with the following spells memorised:
                  | Magic Dart, Searing Ray, Dazzling Flash, Fulminant Prism,
                  | Iskenderun's Mystic Blast.
     0 | D:1      | Reached XP level 1. HP: 15/15 MP: 0/0
    70 | D:1      | Reached XP level 2. HP: 9/21 MP: 0/0
   818 | D:1      | Reached XP level 3. HP: 24/25 MP: 0/0
   818 | D:1      | Learned a level 1 spell: Apportation
  1562 | D:2      | Reached skill level 4 in Spellcasting
  1703 | D:2      | Reached XP level 4. HP: 24/31 MP: 0/0
  2336 | D:3      | Noticed Jessica
  2341 | D:3      | Killed Jessica
  2342 | D:3      | Reached XP level 5. HP: 31/35 MP: 0/0
  2342 | D:3      | Learned a level 2 spell: Static Discharge
  3065 | D:3      | Found a shimmering altar of Xom.
  3315 | D:3      | Reached XP level 6. HP: 39/40 MP: 0/0
  3567 | D:4      | Reached skill level 5 in Spellcasting
  3637 | D:4      | Noticed Eustachio
  4146 | D:4      | Slain by Eustachio

Illustrated notes

Levels and vault maps discovered:
D:1:      ebering_hopf_link, layout_loops_cross
D:2:      layout_rooms
D:3:      layout_basic, mainiacjoe_overflow_alcove_4, uniq_jessica
D:4:      layout_cave_pools, uniq_eustachio

Skill      XL: |  1  2  3  4  5  6 |
---------------+-------------------+-----
Stealth        | 2 |  2.8
Spellcasting   | 4 5 |  5.0
Fighting       | |  0.2
Short Blades   | |  0.7
Dodging        | |  2.5

Action                   |  1- 3 |  4- 6 || total
-------------------------+-------+-------++-------
Melee: Dagger            |     6 |    20 ||    26
 Cast: Magic Dart        |    79 |    75 ||   154
       Searing Ray       |     1 |     5 ||     6
       Fulminant Prism   |       |     6 ||     6
       Iskenderun's Myst |       |     4 ||     4
       Dazzling Flash    |       |     1 ||     1
  Use: Scroll            |       |     5 ||     5
 Stab: Invisible         |       |     1 ||     1
Armor: Robe              |       |     3 ||     3
Dodge: Dodged            |     3 |    15 ||    18
Block: Buckler           |       |     2 ||     2
